 Dungeon Crawl Stone Soup version 0.22.1-1-ga44c0e56f4 (webtiles) character file.

34 Revguard the Skirmisher (level 3, 0/43 HPs)
             Began as a Demonspawn Berserker on Oct 25, 2018.
             Was a Follower of Trog.
             Slain by a gnoll
             ... wielding a +0 whip
              (3 damage)
             ... on level 3 of the Dungeon.
             The game lasted 00:04:21 (1452 turns).

Revguard the Skirmisher (Demonspawn Berserker)      Turns: 1452, Time: 00:04:24

Health: 0/43       AC:  4    Str: 22    XL:     3   Next: 14%
Magic:  3/3        EV: 12    Int:  8    God:    Trog [*.....]
Gold:   64         SH:  0    Dex: 13    Spells: 2/2 levels left

rFire    + . .     SeeInvis .   a - +0 hand axe
rCold    . . .     Gourm    .   (no shield)
rNeg     . . .     Faith    .   f - +0 leather armour
rPois    .         Spirit   .   (helmet restricted)
rElec    .         Reflect  .   j - +0 cloak
rCorr    .         Harm     .   (no gloves)
MR       .....                  (no boots)
Stlth    ..........             (no amulet)
HPRegen  0.14/turn              (no ring)
MPRegen  0.08/turn              (no ring)

@: berserking, very quick
A: horns 1, fire resistance 1
a: Berserk, Renounce Religion


You were on level 3 of the Dungeon.
You worshipped Trog.
Trog was aware of your devotion.
You were not hungry.

You visited 1 branch of the dungeon, and saw 3 of its levels.

You collected 64 gold pieces.

Inventory:

Hand Weapons
 a - a +0 hand axe (weapon)
Armour
 f - a +0 leather armour (worn)
 j - a +0 cloak (worn)
Scrolls
 b - 4 scrolls of identify {unknown}
 e - 5 scrolls of remove curse {unknown}
 h - a scroll of fog {unknown}
 i - a scroll of teleportation {unknown}
Potions
 d - a potion of curing {unknown}
 g - a potion of lignification {unknown}
 k - a potion of mutation {unknown}
 l - 2 potions of degeneration {unknown}
 m - a potion of haste {unknown}
Comestibles
 c - 6 rations


   Skills:
 + Level 3.4 Fighting
 + Level 3.2 Axes
 * Level 2.1 Armour
 + Level 2.0 Dodging


You had 2 spell levels left.
You didn't know any spells.
Your spell library was empty.

Dungeon Overview and Level Annotations

Branches:
Dungeon (3/15)

Altars:


Innate Abilities, Weirdness & Mutations

You have a pair of small horns on your head.
Your flesh is heat resistant. (rF+)


Message History

The gnoll hits you from afar with a spear.
The gnoll hits you with a whip. The goblin closely misses you.
The gnoll hits you from afar with a spear!
* * * LOW HITPOINT WARNING * * *
The gnoll misses you.
A red film seems to cover your vision as you go berserk!
You feel yourself moving faster!
You feel mighty!
You feel quite a bit more hungry. The goblin hits you but does no damage.
The gnoll hits you but does no damage.
A gnoll comes into view. It is wielding a spear.
The gnoll hits you with a whip.
* * * LOW HITPOINT WARNING * * *
You feel a strong urge to attack something.
You closely miss the gnoll. You barely miss the gnoll. You hit the goblin.
You kill the goblin!
Trog accepts your kill. The gnoll hits you with a spear.
* * * LOW HITPOINT WARNING * * *
The gnoll hits you with a whip.
You die...

........w.....
.............#
.............#
....g........# #
.............# .#
........w....# .#
.............####.#
#...g.........#
###)@g........#
#........<..#
#...........#
#.....†.....#
#...........#
#...........#
#.............#
#.#....(......#
#.#.............


You could see a worm and 3 gnolls.

Vanquished Creatures
  An adder (D:2)
  A worm (D:2)
  A dart slug (D:1)
  2 leopard geckos
  A ball python (D:2)
  A giant cockroach (D:2)
  2 goblins
  3 hobgoblins
  A kobold (D:1)
  3 bats
  A frilled lizard (D:2)
17 creatures vanquished.

Notes
Turn   | Place    | Note
-------+----------+-------------------------------------------
     0 | D:1      | Revguard the Demonspawn Berserker began the quest for the
                  | Orb.
     0 | D:1      | Reached XP level 1. HP: 18/18 MP: 1/1
   629 | D:2      | Gained mutation: You have a pair of small horns on your
                  | head. [demonic ancestry]
   629 | D:2      | Reached XP level 2. HP: 24/24 MP: 2/2
  1141 | D:2      | Found a faded altar of an unknown god.
  1226 | D:2      | Gained mutation: Your flesh is heat resistant. (rF+)
                  | [demonic ancestry]
  1226 | D:2      | Reached XP level 3. HP: 29/29 MP: 3/3
  1452 | D:3      | Slain by a gnoll

Skill      XL: |  1  2 |
---------------+-------+-----
Armour         | 2 |  2.1
Axes           | 3 |  3.2
Dodging        | 2 |  2.0
Fighting       | |  3.4

Action                   || total
-------------------------++-------
Melee: Hand axe          ||    56
       Headbutt          ||     4
Invok: Berserk           ||     1
  Eat: Chunk             ||     2
Armor: Leather armour    ||    17
       Animal skin       ||     4
Dodge: Dodged            ||    52
